AoeStats
← Jolly

Arabia

510683377Analyzed
1v1 RM · 14h ago on Oct 2, 2026· 33m 16s· 2 players
Game mode
Random Map
Map size
Tiny (2 player)
Population
200
Speed
Normal
Resources
Standard
Victory
Conquest
Starting age
Dark Age
Ending age
Imperial Age
RankedLock teamsTeams togetherTeam positionsShared explorationLock speedFull tech treeHidden civsTurbo modeCheats
Victory
Defeat
🇨🇦 Lithuanians · Canada
1014
+17
🇲🇽 Vietnamese · Mexico
1025
-17
Jolly
8:53 Feudal Age
7:35 Loom
10:49 Double-Bit Axe
19:29 Castle Age
18:03 Horse Collar
18:15 Gold Mining
18:50 Scale Barding Armor
20:01 Bloodlines
20:48 Chain Barding Armor
23:28 Husbandry
26:57 Wheelbarrow
26:34 Bow Saw
28:01 Forging
29:31 Hand Cart
33:25 Iron Casting
33:43 Thumb Ring
33:40 Padded Archer Armor
JosephFasterconquer
5:12 Loom
14:45 Feudal Age
16:23 Horse Collar
18:16 Double-Bit Axe
23:13 Scale Mail Armor
23:24 Forging
25:41 Castle Age
24:05 Arson
26:03 Pikeman
27:18 Chain Mail Armor
27:39 Iron Casting
27:58 Squires
Connection lost

Rejoining the realm…

Still unreachable

The connection could not be restored.

Session expired

The server has moved on; the page needs a fresh start.